 Dungeon Crawl Stone Soup version 0.21.1-1-g345015f (webtiles) character file.

217 wilfster70 the Chopper (level 5, 0/50 HPs)
             Began as a Hill Orc Monk on July 12, 2018.
             Was a Follower of Ru.
             Slain by a sixfirhy (5 damage)
             ... on level 1 of the Abyss.
             The game lasted 00:10:51 (3030 turns).

wilfster70 the Chopper (Hill Orc Monk)              Turns: 3030, Time: 00:10:52

Health: 0/50       AC: 10    Str: 15    XL:     5   Next: 94%
Magic:  5/5        EV:  7    Int: 12    God:    Ru [*.....]
Gold:   214        SH:  0    Dex: 13    Spells: 4/4 levels left

rFire    . . .     SeeInvis .   a - +0 hand axe
rCold    . . .     Gourm    .   (no shield)
rNeg     . . .     Faith    .   j - +0 chain mail
rPois    .         Spirit   .   (no helmet)
rElec    .         Reflect  .   i - +1 cloak
rCorr    .         Harm     .   (no gloves)
MR       .....                  (no boots)
Stlth    ..........             (no amulet)
HPRegen  0.16/turn              p - +2 ring of intelligence
MPRegen  0.09/turn              (no ring)

@: no status effects
A: hated by all
a: Renounce Religion


You were on level 1 of the Abyss.
You worshipped Ru.
Ru was aware of your devotion.
You were not hungry.

You visited 1 branch of the dungeon, and saw 4 of its levels.
You visited the Abyss 1 time.

You collected 214 gold pieces.

Inventory:

Hand Weapons
 a - a +0 hand axe (weapon)
 b - a +0 mace
Armour
 i - a +1 cloak (worn)
 j - a +0 chain mail (worn)
Jewellery
 p - a +2 ring of intelligence (left hand)
Wands
 e - a wand of polymorph (13)
 l - a wand of iceblast (14)
Scrolls
 d - a scroll of remove curse
 g - a scroll of amnesia
 h - a scroll of teleportation
 n - a scroll of enchant armour
Potions
 f - a potion of curing
 m - a potion of cancellation
 o - a potion of haste {unknown}
 q - a potion of heal wounds {unknown}
Comestibles
 c - 5 rations
 k - 3 chunks of flesh


   Skills:
 + Level 6.0 Fighting
 + Level 6.6 Axes
 - Level 2.4 Dodging
 - Level 1.5 Stealth


You had 4 spell levels left.
You didn't know any spells.

Dungeon Overview and Level Annotations

Branches:
Dungeon (4/15)
 Temple: D:4-7

Altars:
Dithmenos
Ru


Innate Abilities, Weirdness & Mutations

You are hated by all.


Message History

Found 30 stones.
You see here 30 stones.
A tentacled starspawn comes into view.
Tentacles burst from the starspawn's body!
Found a scimitar.
A starspawn tentacle comes into view.
Found a fizzy purple potion.
A sixfirhy comes into view.
The sixfirhy hits you. The sixfirhy shocks you! The sixfirhy hits you.
The sixfirhy shocks you!
You see here a fizzy purple potion.
Tentacles burst from the starspawn's body!
The sixfirhy barely misses you.
Found a coppery potion. 2 starspawn tentacles come into view.
The sixfirhy hits you but does no damage.
The sixfirhy hits you. The sixfirhy shocks you!
* * * LOW HITPOINT WARNING * * *
The sixfirhy hits you.
You die...

. . #.. ## .#.
##.# ### ..
.... ##.# .##
# ..##..##..#
.## #.#3#!3#
#..
#@#...#####.#
##..#..Xw..###
##.####w.#..##
.#!. #
.....##.# #.
##)..#..#...#
#.
..##..#...## .
.# ...##.#.#.
# ## #.##.#(#
## #. ##.#.


You could see a sixfirhy.

Vanquished Creatures
  A gnoll shaman (D:3)
  6 gnolls (D:3)
  5 adders
  An ooze (D:1)
  2 dart slugs (D:1)
  2 leopard geckos
  10 bats
  6 giant cockroaches
  4 goblins
  13 hobgoblins
  4 jackals (D:2)
  7 kobolds
  A quokka (D:2)
  2 ball pythons
  3 frilled lizards
  13 rats
80 creatures vanquished.

Vanquished Creatures (others)
  2 starspawn tentacles (Abyss:1)
2 creatures vanquished.

Grand Total: 82 creatures vanquished

Notes
Turn   | Place    | Note
-------+----------+-------------------------------------------
     0 | D:1      | wilfster70 the Hill Orc Monk began the quest for the Orb.
     0 | D:1      | Reached XP level 1. HP: 19/19 MP: 1/1
     2 | D:1      | Noticed a gargoyle
     2 | D:1      | Noticed a formicid
     4 | D:1      | Noticed a vampire
     4 | D:1      | Noticed a vine stalker
     6 | D:1      | Noticed a naga
     8 | D:1      | Noticed a spriggan
     8 | D:1      | Noticed a demonspawn
    10 | D:1      | Noticed a minotaur
    10 | D:1      | Noticed a troll
    12 | D:1      | Noticed a draconian
    14 | D:1      | Noticed a merfolk
    14 | D:1      | Noticed a ghoul
    16 | D:1      | Noticed a human
    16 | D:1      | Noticed a demigod
    18 | D:1      | Noticed a tengu
    20 | D:1      | Noticed an ogre
    20 | D:1      | Noticed an octopode
    22 | D:1      | Noticed a halfling
    22 | D:1      | Noticed a dwarf
    24 | D:1      | Noticed a felid
    26 | D:1      | Noticed a centaur
    26 | D:1      | Noticed an elf
    55 | D:1      | Reached XP level 2. HP: 15/27 MP: 2/2
   565 | D:1      | Reached XP level 3. HP: 33/34 MP: 3/3
   739 | D:1      | Reached skill level 5 in Axes
  1240 | D:2      | Reached XP level 4. HP: 35/41 MP: 4/4
  1290 | D:2      | Reached skill level 5 in Fighting
  1592 | D:2      | You fall through a shaft!
  1732 | D:2      | Found a sacrificial altar of Ru.
  1742 | D:2      | Became a worshipper of Ru the Awakened
  1744 | D:2      | Gained mutation: You are hated by all. [Ru sacrifice]
  1744 | D:2      | Reached * piety under Ru
  1946 | D:3      | Reached XP level 5. HP: 11/48 MP: 5/5
  1950 | D:3      | HP: 2/48 [gnoll/spear (8)]
  2280 | D:3      | Noticed Terence
  2294 | D:3      | Noticed Terence
  2294 | D:3      | Terence changed into Terence the rat
  2300 | D:3      | Killed Terence the rat
  2324 | D:3      | Found a shadowy altar of Dithmenos.
  2967 | D:3      | Cast into level 1 of the Abyss (gnoll)
  2967 | Abyss:1  | Found a corrupted altar of Lugonu.
  3018 | Abyss:1  | Noticed a tentacled starspawn
  3026 | Abyss:1  | Noticed a sixfirhy
  3030 | Abyss:1  | Slain by a sixfirhy

Skill      XL: |  1  2  3  4  5 |
---------------+----------------+-----
Fighting       | 4 5 6 |  6.0
Axes           | 5 6 |  6.6
Dodging        | |  2.4
Stealth        | |  1.5

Action                   |  1- 3 |  4- 6 || total
-------------------------+-------+-------++-------
Melee: Hand axe          |   131 |   152 ||   283
Invok: Sacrifice Love    |       |     1 ||     1
Evoke: Wand              |       |     1 ||     1
  Use: Scroll            |       |     8 ||     8
       Potion            |       |     1 ||     1
 Stab: Sleeping          |       |     2 ||     2
  Eat: Chunk             |     1 |     6 ||     7
Armor: Robe              |     5 |       ||     5
       Leather armour    |    42 |    15 ||    57
       Ring mail         |       |    14 ||    14
       Chain mail        |       |    31 ||    31
Dodge: Dodged            |   110 |    83 ||   193
